 Dungeon Crawl Stone Soup version 0.29-a0-817-g9904bce7a6 (webtiles) character file.

Game seed: 9256283660407626886

340 diecastcamel the Vexing (level 6, -6/47 HPs)
             Began as a Gnoll Arcane Marksman on July 5, 2022.
             Was an Initiate of Okawaru.
             Killed from afar by Eustachio (18 damage)
             ... with a bolt of light
             ... on level 4 of the Dungeon.
             The game lasted 00:23:10 (5100 turns).

diecastcamel the Vexing (Gnoll Arcane Marksman)     Turns: 5100, Time: 00:23:11

Health: -6/47      AC: 10    Str:  9 (10) XL:     6   Next: 56%
Magic:  11/11      EV: 13    Int: 10 (12) God:    Okawaru [......]
Gold:   170        SH:  0    Dex: 14      Spells: 8/12 levels left

rFire   . . .      SeeInvis .   a - +0 sling
rCold   . . .      Faith    .   (no shield)
rNeg    . . .      Spirit   .   f - +0 leather armour
rPois   +          Reflect  .   m - +1 helmet
rElec   .          Harm     .   h - +0 cloak
rCorr   .          Rampage  .   (no gloves)
Will    .....                   (no boots)
Stlth   +.........              y - amulet of magic regeneration
HPRegen 0.15/turn               c - +4 ring of protection
MPRegen 0.52/turn               z - ring of poison resistance

@: confused
A: fangs 1, strong nose, distributed training
a: Renounce Religion


You were on level 4 of the Dungeon.
You worshipped Okawaru.
Okawaru was noncommittal.
You visited 2 branches of the dungeon, and saw 5 of its levels.

You collected 170 gold pieces.

Inventory:

Hand Weapons
 a - a +0 sling (weapon)
 d - a +0 short sword
 v - a +2 short sword of speed
Missiles
 l - a throwing net
 n - 3 javelins (quivered)
Armour
 f - a +0 leather armour (worn)
 h - a +0 cloak (worn)
 m - a +1 helmet (worn)
Jewellery
 c - a +4 ring of protection (left hand)
 y - an amulet of magic regeneration (around neck)
 z - a ring of poison resistance (right hand)
Scrolls
 b - a scroll of vulnerability
 p - a scroll of magic mapping
 x - a scroll of acquirement
 A - a scroll of teleportation {unknown}
Potions
 g - a potion of degeneration
 i - a potion of lignification {unknown}
 j - 2 potions of brilliance
 k - a potion of haste {unknown}
 o - a potion of berserk rage {unknown}
 q - 2 potions of invisibility {unknown}
 s - 2 potions of cancellation {unknown}
 u - 2 potions of curing {unknown}


   Skills:
 + Level 3.3 Fighting
 + Level 2.1 Short Blades
 + Level 2.1 Long Blades
 + Level 2.1 Axes
 + Level 2.1 Maces & Flails
 + Level 2.1 Polearms
 + Level 2.1 Staves
 + Level 5.0 Ranged Weapons
 + Level 2.1 Throwing
 + Level 2.1 Armour
 + Level 5.0 Dodging
 + Level 2.1 Stealth
 + Level 2.1 Shields
 + Level 2.1 Unarmed Combat
 + Level 3.5 Spellcasting
 + Level 1.6 Conjurations
 + Level 5.7 Hexes
 + Level 1.6 Summonings
 + Level 1.6 Necromancy
 + Level 1.6 Translocations
 + Level 1.6 Transmutations
 + Level 1.6 Fire Magic
 + Level 1.6 Ice Magic
 + Level 1.6 Air Magic
 + Level 1.6 Earth Magic
 + Level 1.6 Poison Magic
 + Level 2.3 Invocations
 + Level 2.1 Evocations


You had 8 spell levels left.
You knew the following spells:

 Your Spells              Type           Power      Damage    Failure   Level
a - Slow                  Hex            52%        N/A       3%          1
b - Inner Flame           Hex/Fire       9%         N/A       24%         3

Your spell library contained the following spells:

 Spells                   Type           Power      Damage    Failure   Level
 Magic Dart               Conj           20%        1d4       19%         1
 Portal Projectile        Hex/Tloc       18%        N/A       24%         3
 Searing Ray              Conj           10%        2d4       28%         2
 Cause Fear               Hex            6%         N/A       34%         4
 Mephitic Cloud           Conj/Pois/Air  5%         N/A       50%         3
 Fulminant Prism          Conj/Hex       4%         3d6       61%         4
 Summon Small Mammal      Summ           Unusable   N/A       N/A         1
 Summon Guardian Golem    Hex/Summ       Unusable   N/A       N/A         3
 Call Imp                 Summ           Unusable   N/A       N/A         2
 Call Canine Familiar     Summ           Unusable   N/A       N/A         3

Dungeon Overview and Level Annotations

Branches:
Dungeon (4/15)             Temple (1/1) D:4

Altars:
Ashenzari
Dithmenos
Elyvilon
Fedhas
Gozag
Kikubaaqudgha
Makhleb
Nemelex Xobeh
Okawaru
Qazlal
Ru
Uskayaw
Vehumet
Wu Jian
Zin
The Shining One

Annotations:
D:4 Eustachio
Temple 2 transporters


Innate Abilities, Weirdness & Mutations

You have very sharp teeth.
Your uncanny sense of smell can sniff out nearby items.
Your experience applies equally to all skills.


Message History

The phantom hits you.
The phantom blinks!
You blink.
As you read the scroll labelled DEPSOS GULLY, it crumbles to dust.
The scroll dissolves into smoke.
It was a scroll of fog.
The phantom barely misses you. The quasit attacks as you move away!
The quasit closely misses you. x2
The quasit barely misses you. The phantom attacks as you move away!
The phantom hits you. The phantom attacks as you move away!
The phantom hits you.
* * * LOW HITPOINT WARNING * * *
The quasit barely misses you.
The quasit claws you but does no damage. x2
An ufetubus comes into view.
The phantom attacks as you move away! The phantom hits you.
* * * LOW HITPOINT WARNING * * *
The quasit bites you.
* * * LOW HITPOINT WARNING * * *
The quasit barely misses you.
The quasit claws you but does no damage.
You see here a javelin.
The quasit attacks as you move away! The quasit closely misses you.
The quasit misses you. The quasit completely misses you.
The quasit attacks as you move away!
The quasit bites you but does no damage.
The quasit barely misses you. x2
A ball python comes into view.
Eustachio shouts!
The adder hisses angrily.
The adder bites you but does no damage. The quasit misses you.
The quasit barely misses you. The quasit closely misses you.
The adder closely misses you. The adder attacks as you move away!
The adder bites you but does no damage. The quasit attacks as you move away!
The quasit barely misses you. The quasit misses you.
The quasit claws you but does no damage.
There is an open door here.
As you read the scroll labelled LUENYI SOGOC, it crumbles to dust.
It is a scroll of identify.
x - a scroll of acquirement Eustachio zaps a wand.
The bolt of light hits you!!
You are confused.
You die...

******* *########## ,,,,,,*
#.........#
,,,,,,**********#.........#######
,,,,,,',,,,,,,,,'................
,,,,,,*****,****#..........###.##
,,,,,,* *,* #..........# #...
,,,,,,* #,* #.......r..# #...
,,,,,,**###.#####.........####...
,,,>,,',......SS@..........PP#...
,,,,,,*#######.5.@.........P.#.##
,,,*####.....W.#....#'##....P#.#
,,,,..?..♣###5###.#........♣♣#,*
,,,,...≈≈.##5§###..##.####[# *,*
,,,,≈.≈≈≈≈§§§§§##...##.###.# *,*
,,,,.≈5≈≈.§§§§§##....##.##.# *∆*
,,,*§§§≈≈♣§§§§§#..>.###.##.# *,*
,,,*.§♣♣..§§§§#(...(###.##.# *,*


You could see Eustachio, a phantom, a quasit, an adder, 2 ufetubi and a ball
python.

Vanquished Creatures
  A scorpion (D:4)
  A hound (D:4)
  A gnoll bouda (D:3)
  Natasha (twice) (D:3)
  3 adders
  5 gnolls (D:3)
  A shadow imp (D:4)
  A white imp (D:4)
  An ufetubus (D:4)
  2 dart slugs
  An orc (D:3)
  5 endoplasms
  A giant cockroach (D:1)
  7 goblins
  10 hobgoblins
  4 jackals (D:1)
  9 kobolds
  6 quokkas
  4 ball pythons
  7 bats
  2 frilled lizards
  2 rats (D:1)
76 creatures vanquished.

Vanquished Creatures (others)
  9 demonic plants (D:4)
  11 fungi (D:4)
  17 plants (D:3)
37 creatures vanquished.

Grand Total: 113 creatures vanquished

Notes
Turn   | Place    | Note
-------+----------+-------------------------------------------
     0 | D:1      | diecastcamel the Gnoll Arcane Marksman began the quest for
                  | the Orb.
     0 | D:1      | Reached XP level 1. HP: 17/17 MP: 4/4
   293 | D:1      | Reached XP level 2. HP: 23/23 MP: 5/5
   546 | D:1      | Found a faded altar of an unknown god.
   828 | D:1      | Reached XP level 3. HP: 28/28 MP: 7/7
  1042 | D:1      | Reached skill level 1 in Invocations
  1547 | D:2      | Reached skill level 1 in Short Blades
  1547 | D:2      | Reached skill level 1 in Long Blades
  1547 | D:2      | Reached skill level 1 in Axes
  1547 | D:2      | Reached skill level 1 in Maces & Flails
  1547 | D:2      | Reached skill level 1 in Polearms
  1547 | D:2      | Reached skill level 1 in Staves
  1547 | D:2      | Reached skill level 1 in Throwing
  1547 | D:2      | Reached skill level 1 in Armour
  1547 | D:2      | Reached skill level 1 in Stealth
  1547 | D:2      | Reached skill level 1 in Shields
  1547 | D:2      | Reached skill level 1 in Unarmed Combat
  1547 | D:2      | Reached skill level 1 in Evocations
  1860 | D:2      | Learned a level 3 spell: Inner Flame
  1924 | D:2      | Reached XP level 4. HP: 23/34 MP: 8/8
  2499 | D:3      | Found a burning altar of Makhleb.
  2516 | D:3      | Found a glowing golden altar of the Shining One.
  3060 | D:3      | Reached skill level 1 in Conjurations
  3060 | D:3      | Reached skill level 1 in Summonings
  3060 | D:3      | Reached skill level 1 in Necromancy
  3060 | D:3      | Reached skill level 1 in Translocations
  3060 | D:3      | Reached skill level 1 in Transmutations
  3060 | D:3      | Reached skill level 1 in Fire Magic
  3060 | D:3      | Reached skill level 1 in Ice Magic
  3060 | D:3      | Reached skill level 1 in Air Magic
  3060 | D:3      | Reached skill level 1 in Earth Magic
  3060 | D:3      | Reached skill level 1 in Poison Magic
  3091 | D:3      | Reached XP level 5. HP: 14/40 MP: 9/9
  3593 | D:3      | Noticed Natasha
  3603 | D:3      | Killed Natasha
  3818 | D:3      | Noticed Natasha
  3837 | D:3      | Killed Natasha
  4141 | D:4      | Reached XP level 6. HP: 32/47 MP: 11/11
  4321 | D:4      | Found a staircase to the Ecumenical Temple.
  4338 | Temple   | Entered the Ecumenical Temple
  4338 | Temple   | Found a transporter.
  4338 | Temple   | Found a transporter.
  4340 | Temple   | Found a transporter.
  4340 | Temple   | Found a transporter.
  4362 | Temple   | Became a worshipper of Warmaster Okawaru
  4402 | D:4      | Reached skill level 5 in Ranged Weapons
  4402 | D:4      | Reached skill level 5 in Dodging
  4484 | D:4      | Noticed Eustachio
  5100 | D:4      | Identified a scroll of acquirement
  5100 | D:4      | Killed from afar by Eustachio

Illustrated notes

Levels and vault maps discovered:
D:1:      matt_arrival_spirals, layout_loops_corners,
          hellmonk_ecumenical_altar_heavens_door
D:2:      layout_loops_cross, chequers_serial_rivers_room_a
D:3:      layout_basic, mainiacjoe_overflow_swirl, nicolae_grassy_gnolls,
          uniq_natasha
D:4:      cheibrodos_pilgrimage, layout_basic, minmay_temple_entry_wispy,
          serial_demonic, serial_demonic_b, serial_demonic_f, serial_demonic_c,
          serial_demonic_d, serial_demonic_f, dreamdust_mushroom_princess,
          uniq_pikel, uniq_eustachio
Temple:   hellmonk_temple_divided_pantheon

Skill      XL: |  1  2  3  4  5  6 |
---------------+-------------------+-----
Invocations    | 1 2 |  2.3
Short Blades   | 1 2 |  2.1
Long Blades    | 1 2 |  2.1
Axes           | 1 2 |  2.1
Maces & Flails | 1 2 |  2.1
Polearms       | 1 2 |  2.1
Staves         | 1 2 |  2.1
Throwing       | 1 2 |  2.1
Armour         | 1 2 |  2.1
Stealth        | 1 2 |  2.1
Shields        | 1 2 |  2.1
Unarmed Combat | 1 2 |  2.1
Evocations     | 1 2 |  2.1
Spellcasting   | 3 |  3.5
Conjurations   | 1 |  1.6
Summonings     | 1 |  1.6
Necromancy     | 1 |  1.6
Translocations | 1 |  1.6
Transmutations | 1 |  1.6
Fire Magic     | 1 |  1.6
Ice Magic      | 1 |  1.6
Air Magic      | 1 |  1.6
Earth Magic    | 1 |  1.6
Poison Magic   | 1 |  1.6
Fighting       | 3 |  3.3
Ranged Weapons | 5 |  5.0
Dodging        | 5 |  5.0
Hexes          | |  5.7

Action                   |  1- 3 |  4- 6 || total
-------------------------+-------+-------++-------
Melee: Short sword       |    24 |       ||    24
       Punch             |     1 |       ||     1
 Fire: Sling             |   153 |   262 ||   415
Throw: Javelin           |       |     7 ||     7
       Throwing net      |       |     1 ||     1
       Dart              |       |     2 ||     2
 Cast: Slow              |     6 |    17 ||    23
       Inner Flame       |       |     2 ||     2
  Use: Scroll            |       |     7 ||     7
       Potion            |       |     4 ||     4
Armor: Robe              |     8 |       ||     8
       Leather armour    |    12 |   102 ||   114
Dodge: Dodged            |    68 |   225 ||   293

Table legend: (Time is in decaauts)
 A = Elapsed time spent in this place.
 B = Non-inter-level travel time spent in this place.
 C = Inter-level travel time spent in this place.
 D = Time resting spent in this place.
 E = Time spent auto-exploring this place.
 F = Levels seen in this place.
 G = Mean time per level.
                   A        B        C        D        E       F      G
               +--------+--------+--------+--------+--------+-----+--------+
         Total |   5198 |   5032 |    166 |   1154 |   2732 |   5 | 1039.6 |
       Dungeon |   5157 |   4998 |    159 |   1154 |   2725 |   4 | 1289.2 |
        Temple |     40 |     33 |      7 |      0 |      7 |   1 |   40.0 |
               +--------+--------+--------+--------+--------+-----+--------+

Top non-repeatable levels by time:
     D:3: 1822 daAuts
     D:1: 1482 daAuts
     D:4: 994 daAuts
     D:2: 858 daAuts
  Temple: 40 daAuts
